 Dungeon Crawl Stone Soup version 0.20.1-1-g8b1a95d (webtiles) character file.

1229 homeworkjunkie the Cleaver (level 8, -2/69 HPs)
             Began as a Hill Orc Fighter on Nov 9, 2017.
             Slain by a two-headed ogre
             ... wielding a +0 giant club
              (19 damage)
             ... on level 5 of the Dungeon.
             The game lasted 00:10:02 (4690 turns).

homeworkjunkie the Cleaver (Hill Orc Fighter)       Turns: 4690, Time: 00:10:02

Health: -2/69      AC: 12    Str: 21    XL:     8   Next: 48%
Magic:  0/9        EV:  6    Int:  8    God:
Gold:   247        SH: 10    Dex: 10    Spells: 7/7 levels left

rFire    + . .     SeeInvis .   a - +0 war axe
rCold    . . .     Gourm    .   c - +0 shield
rNeg     . . .     Faith    .   n - -2 chain mail (curse)
rPois    .         Spirit   +   l - +1 helmet
rElec    .         Reflect  .   e - +1 cloak
rCorr    .         Harm     .   (no gloves)
MR       .....                  (no boots)
Stlth    ..........             m - amulet of guardian spirit
Regen    0.3/turn               f - ring of protection from fire
MPRegen  0.2/turn               (no ring)

@: no status effects
A: no striking features
a: no special abilities


You were on level 5 of the Dungeon.
You were not hungry.

You visited 1 branch of the dungeon, and saw 6 of its levels.

You collected 247 gold pieces.

Inventory:

Hand Weapons
 a - a +0 war axe (weapon)
Armour
 b - a +0 scale mail
 c - a +0 shield (worn)
 e - a +1 cloak (worn)
 l - a +1 helmet (worn)
 n - a cursed -2 chain mail (worn)
Jewellery
 f - a ring of protection from fire (left hand)
 m - an amulet of guardian spirit (around neck)
Wands
 d - a wand of flame (0/48)
 u - a wand of lightning (7/15)
Scrolls
 j - 3 scrolls of teleportation
Potions
 h - 2 potions of brilliance
 i - a potion of curing
 k - a potion of magic {unknown}
 p - a potion of agility {unknown}
 q - a potion of flight {unknown}
 s - a potion of ambrosia {unknown}
Comestibles
 o - a bread ration


   Skills:
 * Level 5.6 Fighting
 * Level 8.3 Axes
 * Level 6.1 Armour
 + Level 1.1 Dodging
 * Level 5.7 Shields
 * Level 1.7 Evocations


You had 7 spell levels left.
You didn't know any spells.

Dungeon Overview and Level Annotations

Branches:
Dungeon (6/15)
 Temple: D:4-7

Altars:
Ashenzari
Makhleb
Qazlal

Shops:
D:5 (


Message History

You are too injured to fight recklessly!
You are too injured to fight recklessly!
You hit the two-headed ogre.
The two-headed ogre is lightly wounded.
You block the two-headed ogre's attack. x2
You slash the two-headed ogre!
The two-headed ogre is moderately wounded.
You block the two-headed ogre's attack.
The two-headed ogre hits you but does no damage.
You slash the two-headed ogre!
The two-headed ogre is heavily wounded.
You hit the two-headed ogre but do no damage.
The two-headed ogre is heavily wounded.
You block the two-headed ogre's attack.
The two-headed ogre hits you with a giant spiked club!!
* * * LOW HITPOINT WARNING * * *
You slash the two-headed ogre!
The two-headed ogre is severely wounded.
The two-headed ogre hits you with a giant club!!
You die...

...>..## ##.######
######.###.......#
# ##.#.######.# #
##.## #.# # ###
#.# # #.# # #.# #
#O# ########## #@#
.........# #.#
########.# #.#
#### #.# #.# ...#
#.# #.# ##.# #.#
#.# #.# #.# #.#
#.# #.# #.#
##.#####.#######.#


You could see a two-headed ogre.

Vanquished Creatures
  Eustachio (D:4)
  A water moccasin (D:6)
  Duvessa (D:4)
  A sky beast (D:5)
  A bullfrog (D:6)
  Dowan (D:4)
  A scorpion (D:5)
  2 howler monkeys (D:4)
  A bullfrog zombie (D:5)
  A centaur zombie (D:5)
  A quasit (D:4)
  Crazy Yiuf (D:3)
  An orc priest (D:3)
  A hound (D:5)
  An orc wizard (D:4)
  An iguana (D:4)
  Ijyb (D:4)
  A worker ant (D:4)
  Robin (D:4)
  7 adders
  3 gnolls (D:4)
  2 shadow imps
  3 oozes
  2 worms (D:3)
  3 dart slugs
  5 leopard geckos
  7 orcs
  7 bats
  3 giant cockroaches
  17 goblins
  11 hobgoblins
  7 jackals
  5 quokkas
  3 frilled lizards
  9 kobolds
  8 rats
122 creatures vanquished.

Notes
Turn   | Place    | Note
-------+----------+-------------------------------------------
     0 | D:1      | homeworkjunkie the Hill Orc Fighter began the quest for the Orb.
     0 | D:1      | Reached XP level 1. HP: 19/19 MP: 1/1
   120 | D:1      | Reached XP level 2. HP: 22/27 MP: 2/2
   127 | D:1      | Reached skill level 3 in Axes
   217 | D:3      | Found a burning altar of Makhleb.
   218 | D:3      | Found a shattered altar of Ashenzari.
   339 | D:3      | Reached XP level 3. HP: 33/33 MP: 3/3
   618 | D:3      | Reached XP level 4. HP: 40/40 MP: 4/4
   619 | D:3      | Reached skill level 4 in Axes
   648 | D:4      | Noticed Ijyb
   669 | D:4      | Killed Ijyb
   737 | D:5      | Entered Level 5 of the Dungeon
  1024 | D:3      | Found a runed door.
  1029 | D:3      | Noticed Crazy Yiuf
  1040 | D:3      | Killed Crazy Yiuf
  1040 | D:3      | Reached XP level 5. HP: 24/46 MP: 3/5
  2453 | D:4      | Noticed Dowan
  2455 | D:4      | Noticed Duvessa
  2467 | D:4      | Reached skill level 5 in Axes
  2759 | D:4      | Noticed Eustachio
  2775 | D:4      | Killed Eustachio
  2775 | D:4      | Reached XP level 6. HP: 23/53 MP: 2/6
  2790 | D:4      | Reached skill level 5 in Armour
  2985 | D:4      | Noticed Robin
  2993 | D:4      | Reached skill level 6 in Axes
  2993 | D:4      | Reached XP level 7. HP: 56/60 MP: 7/7
  3020 | D:4      | Killed Robin
  3169 | D:4      | Killed Duvessa
  3169 | D:4      | Reached skill level 1 in Dodging
  3169 | D:4      | Reached skill level 5 in Shields
  3172 | D:4      | HP: 2/60 [Dowan/shard of ice (5)]
  3414 | D:4      | Reached skill level 5 in Fighting
  3500 | D:4      | Killed Dowan
  3500 | D:4      | Reached skill level 1 in Evocations
  3685 | D:4      | Reached skill level 7 in Axes
  3831 | D:5      | Reached XP level 8. HP: 61/68 MP: 6/8
  4217 | D:5      | Found Muuron's Antique Weapon Emporium.
  4300 | D:5      | Reached skill level 8 in Axes
  4582 | D:5      | Found a stormy altar of Qazlal.
  4679 | D:5      | Noticed a two-headed ogre
  4690 | D:5      | Slain by a two-headed ogre

Skill      XL: |  1  2  3  4  5  6  7  8 |
---------------+-------------------------+-----
Axes           | 3 4 5 6 7 8 |  8.3
Fighting       | 4 5 |  5.6
Armour         | 4 5 6 |  6.1
Shields        | 4 5 |  5.7
Dodging        | 1 |  1.1
Evocations     | 1 |  1.7

Action                   |  1- 3 |  4- 6 |  7- 9 || total
-------------------------+-------+-------+-------++-------
Melee: War axe           |    64 |   210 |   226 ||   500
Evoke: Wand              |       |       |     3 ||     3
  Use: Scroll            |       |     7 |     6 ||    13
       Potion            |       |     3 |     4 ||     7
  Eat: Bread ration      |       |     1 |       ||     1
       Royal jelly       |       |     2 |     3 ||     5
Armor: Scale mail        |    35 |    89 |    31 ||   155
       Skin              |       |     5 |       ||     5
       Chain mail        |       |       |    98 ||    98
Dodge: Dodged            |    22 |    72 |    53 ||   147
Block: Shield            |    34 |   119 |   128 ||   281
